 Dungeon Crawl Stone Soup version 0.28.0-45-g0d030f2227 (webtiles) character file.

Game seed: 17851893988801274149

2584 Deadscale the Basher (level 9, -7/78 HPs)
             Began as a Minotaur Fighter on Apr 12, 2022.
             Was a Priest of Okawaru.
             Mangled by a white ugly thing (9 damage)
             ... on level 6 of the Dungeon on Apr 17, 2022.
             The game lasted 00:30:36 (8342 turns).

Deadscale the Basher (Minotaur Fighter)             Turns: 8342, Time: 00:30:37

Health: -7/78      AC: 12    Str: 22    XL:     9   Next: 32%
Magic:  6/8        EV: 13    Int:  5    God:    Okawaru [***...]
Gold:   503        SH:  6    Dex: 11    Spells: 8/8 levels left

rFire   . . .      SeeInvis .   I - +2 flail (drain)
rCold   + . .      Faith    .   c - +0 buckler
rNeg    . . .      Spirit   .   D - +2 leather armour {rC+}
rPois   .          Reflect  .   (helmet restricted)
rElec   .          Harm     .   j - +0 cloak
rCorr   .          Rampage  .   (no gloves)
Will    .....                   (no boots)
Stlth   ++........              A - amulet of the acrobat
HPRegen 0.23/turn               O - +4 ring of protection
MPRegen 0.11/turn               (no ring)

@: heroic, slowed, very slow
A: horns 2, retaliatory headbutt, weak 1
a: Renounce Religion, Heroism


You were on level 6 of the Dungeon.
You worshipped Okawaru.
Okawaru was most pleased with you.
You visited 2 branches of the dungeon, and saw 8 of its levels.
You also visited: Sewer.

You collected 503 gold pieces.


Innate Abilities, Weirdness & Mutations

You have a pair of horns on your head.
You reflexively headbutt those who attack you in melee.
You are weak. (Str -2)


   Skills:
 - Level 6.4(11.4) Fighting
 + Level 13.3(18.3) Maces & Flails
 - Level 6.4(11.4) Armour
 - Level 3.6(8.6) Shields


You had 8 spell levels left.
You didn't know any spells.
Your spell library contained the following spells:

 Spells                   Type           Power      Damage    Failure   Level
 Freeze                   Ice            0%         1d3       58%         1
 Dazzling Flash           Conj/Hex       0%         N/A       92%         3
 Frozen Ramparts          Ice            0%         1d2       92%         3
 Hailstorm                Conj/Ice       0%         3d3       100%        4
 Iskenderun's Mystic Bla  Conj/Tloc      0%         2d3       100%        4
 Starburst                Conj/Fire      0%         6d3       100%        6

Inventory:

Hand Weapons
 b - a +1 mace of venom
   (You took it off an orc on level 5 of the Dungeon)
 E - a +5 dire flail
   (You took it off a wight on level 6 of the Dungeon)
 I - a +2 flail of draining (weapon)
   (You took it off a wight on level 6 of the Dungeon)
Missiles
 a - 19 bolts
 d - a throwing net {=f!f}
 g - 124 stones (quivered)
 o - 5 poisoned darts
 r - 37 sling bullets
 t - 6 curare-tipped darts {=f}
 u - 109 arrows
 F - a boomerang
 G - 6 javelins
Armour
 c - a +0 buckler (worn)
 j - a +0 cloak (worn)
   (You found it on level 1 of the Dungeon)
 w - a +0 leather armour of poison resistance
   (You took it off an orc on level 4 of the Dungeon)
 D - a +2 leather armour of cold resistance (worn)
   (You took it off an orc on level 5 of the Dungeon)
Jewellery
 A - an amulet of the acrobat (around neck)
   (You found it on level 7 of the Dungeon)
 O - a +4 ring of protection (left hand)
   (You found it on level 5 of the Dungeon)
Scrolls
 e - a scroll of magic mapping {!r}
 l - 2 scrolls of vulnerability {unknown}
 m - 3 scrolls of blinking {!r}
 s - a scroll of brand weapon {unknown}
 v - a scroll of fog {unknown}
 x - a scroll of teleportation {@r4}
 y - a scroll of amnesia {unknown}
 J - a scroll of fear
Potions
 f - 4 potions of curing {@q1}
 k - 3 potions of attraction {!q}
 n - 2 potions of ambrosia
 p - 2 potions of haste {@q3}
 z - a potion of magic {unknown}
 B - a potion of brilliance
 C - a potion of resistance {unknown}
 H - a potion of heal wounds {unknown}

Dungeon Overview and Level Annotations

Branches:
Dungeon (7/15)             Temple (1/1) D:4           Sewer (visited)

Altars:
Ashenzari
Cheibriados
Elyvilon
Hepliaklqana
Kikubaaqudgha
Makhleb
Nemelex Xobeh
Okawaru
Qazlal
Sif Muna
Uskayaw
Vehumet
Wu Jian
Xom
Yredelemnul
The Shining One

Annotations:
D:3 exclusion: 2 downstairs

############
####..........#
#..........##.###
##.##.....#.##.##.
#....#....#.##.##.
#######u....#..#..##.##.
#......@....###...##....
#.#####W...###.....#.##.
#.# ##..#..#.!.....##.
#.# #.#....#...##.##.
#.# #.#.....##.##.###
#.# #......[...##.# #.#
####..........### #.#
#######....... #.#
####.###


You could see a white ugly thing and a wraith.


Message History

The acid dragon spits acid at you. The splash of acid hits you!!
You hear a shout! x2
There is a stone staircase leading up here. 😮 HP[-26]
You take 26 damage, and now have 52/78 hp.
MASSIVE DAMAGE!! (PAUSE)
You climb upwards.
There is a stone staircase leading down here. 😮 HP[+1] Search for what [Enter for "armour", or ? for help]? armour Done exploring. 😎 HP[+25]
Your hp is fully restored (78).
As you read the scroll labelled ZUK FEYFYO, it crumbles to dust.
It is a scroll of identify.
k - 3 potions of attraction
As you read the scroll labelled QAEDET WAA, it crumbles to dust.
You feel momentarily disoriented.
It was a scroll of magic mapping.
As you read the scroll labelled BOPLO NOR BUAS, it crumbles to dust.
You feel strangely unstable.
It was a scroll of teleportation.
Done exploring.
As you read the scroll of identify {@r1}, it crumbles to dust.
q - a potion of degeneration
As you read the scroll of identify {@r1}, it crumbles to dust.
p - 2 potions of haste
As you read the scroll of identify {@r1}, it crumbles to dust.
J - a scroll of fear Your surroundings suddenly seem different.
As you read the scroll of identify {@r1}, it crumbles to dust.
i - a potion of mutation
As you read the scroll of identify {@r1}, it crumbles to dust.
B - a potion of brilliance
As you read the scroll of identify {@r1}, it crumbles to dust.
n - 2 potions of ambrosia You drop a potion of degeneration {!q}.
Okay, then.
You feel extremely strange.
You feel weaker.
Done exploring.
There is a stone staircase leading down here.
You climb downwards.
The cyclops shouts!
The centaur shouts!
You hear a croak.
The centaur shoots an arrow.
The arrow hits you. The wraith hits you.
The centaur shoots an arrow.
The arrow hits you but does no damage. The white ugly thing barely misses you.
A bullfrog comes into view.
There is a stone staircase leading up, spattered with blood here. 😕 HP[-10]
You take 10 damage, and now have 68/78 hp.
The wraith closely misses you.
The white ugly thing tentacle-slaps you.
The white ugly thing freezes you! You resist.
The sky beast flickers out of sight!
Deactivating autopickup; reactivate with Ctrl-A.
The centaur shoots an arrow.
The arrow barely misses you.
The arrow closely misses the wraith.
You climb upwards.
Reactivating autopickup.
There is a stone staircase leading down here. 😮 HP[-20]
You take 20 damage, and now have 48/78 hp.
MASSIVE DAMAGE!! (PAUSE)
You sock the white ugly thing!
You headbutt the white ugly thing, but do no damage.
You block the wraith's attack.
The white ugly thing tentacle-slaps you!
The white ugly thing freezes you! You resist.
* * * LOW HITPOINT WARNING * * *
😨 HP[-21]
You take 21 damage, and now have 27/78 hp.
MASSIVE DAMAGE!! (PAUSE)
You feel better. The wraith hits you.
* * * LOW HITPOINT WARNING * * *
The wraith drains your vigour!
You feel yourself slow down.
The white ugly thing tentacle-slaps you.
* * * LOW HITPOINT WARNING * * *
The white ugly thing freezes you! You resist.
* * * LOW HITPOINT WARNING * * *
😱 HP[-9]
You take 9 damage, and now have 18/78 hp.
You gain the combat prowess of a mighty hero.
The wraith closely misses you.
The white ugly thing tentacle-slaps you!
* * * LOW HITPOINT WARNING * * *
The white ugly thing freezes you! You resist.
* * * LOW HITPOINT WARNING * * *
😱 HP[-17] MP[-2]
You take 17 damage, and now have 1/78 hp.
MASSIVE DAMAGE!! (PAUSE)
You lost 2 mp, and now have 6/8 mp.
You hit the white ugly thing. You block the wraith's attack.
The white ugly thing closely misses you.
You sock the white ugly thing!
Your headbutt misses the white ugly thing.
The wraith closely misses you.
The white ugly thing tentacle-slaps you!
You die...

Skill      XL: |  1  2  3  4  5  6  7  8  9 |
---------------+----------------------------+-----
Maces & Flails | 3 4 5 6 7 9 11 12 13 | 13.3
Fighting       | 6 |  6.4
Armour         | 6 |  6.4
Shields        | |  3.6

Action                   |  1- 3 |  4- 6 |  7- 9 || total
-------------------------+-------+-------+-------++-------
Melee: Flail             |    77 |    96 |   199 ||   372
       Headbutt          |    12 |     9 |    48 ||    69
       Mace              |       |       |   103 ||   103
Throw: Stone             |     1 |       |    23 ||    24
Invok: Heroism           |       |       |     2 ||     2
  Use: Potion            |       |     2 |     3 ||     5
       Scroll            |       |       |     9 ||     9
Armor: Scale mail        |    29 |    44 |    61 ||   134
       Leather armour    |       |       |    62 ||    62
Dodge: Dodged            |    35 |    60 |   139 ||   234
Block: Buckler           |    14 |    23 |    55 ||    92

Levels and vault maps discovered:
D:1:      wander_arrival_peaceful_grave, layout_loops_cross,
          dilly_ecumenical_altar_fadedgnrine
D:2:      layout_loops_corners
D:3:      layout_basic, mainiacjoe_overflow_surrounded_room, minmay_misc_feat_x
D:4:      layout_rooms, minmay_temple_entry_purple_smoke, minmay_quantized
D:5:      layout_basic, cheibrodos_sewer_entry_sluice
D:6:      layout_loops_ring, nicolae_overflow_squiral, minmay_misc_feat_chi
D:7:      minmay_the_grid_octo_triangle [minmay_the_grid_octo_checkerflower,
          minmay_the_grid_octo_prize_square_snowflake,
          minmay_the_grid_octo_shrine], layout_cave_pools, grunt_gozag_statues,
          tgw_trog, kennysheep_generic_room_11
Temple:   nicolae_temple_figure_eight

Notes
Turn   | Place    | Note
-------+----------+-------------------------------------------
     0 | D:1      | Deadscale the Minotaur Fighter began the quest for the Orb.
     0 | D:1      | Reached XP level 1. HP: 19/19 MP: 0/0
     0 | D:1      | magus.rc [v1.11.3]
    64 | D:1      | Reached skill level 3 in Maces & Flails
   288 | D:1      | Reached XP level 2. HP: 23/26 MP: 1/1
   487 | D:1      | Found a faded altar of an unknown god.
   710 | D:1      | magus.rc [v1.11.3]
   803 | D:1      | Reached skill level 4 in Maces & Flails
  1099 | D:2      | Reached XP level 3. HP: 31/31 MP: 2/2
  1273 | D:2      | You pick up a book of Frost and begin reading...
  1273 | D:2      | You add the spells Freeze, Frozen Ramparts and Hailstorm to
                  | your library.
  2026 | D:3      | Found a basalt altar of Yredelemnul.
  2044 | D:3      | Reached skill level 5 in Maces & Flails
  2243 | D:3      | Reached XP level 4. HP: 39/39 MP: 3/3
  2841 | D:4      | Noticed a scorpion
  2947 | D:4      | Reached skill level 6 in Maces & Flails
  3049 | D:4      | Reached XP level 5. HP: 32/42 MP: 4/4
  3068 | D:4      | HP: 10/44 [orc/+0 hand axe (5)]
  3262 | D:4      | Noticed a black bear
  3263 | D:4      | Reached skill level 7 in Maces & Flails
  3269 | D:4      | Killed a black bear
  3270 | D:4      | Reached XP level 6. HP: 32/51 MP: 5/5
  3384 | D:4      | HP: 9/51 [ogre/+0 giant spiked club (30)]
  3390 | D:4      | Reached skill level 8 in Maces & Flails
  3858 | D:4      | Found a staircase to the Ecumenical Temple.
  3930 | Temple   | Entered the Ecumenical Temple
  4177 | Temple   | Became a worshipper of Warmaster Okawaru
  4256 | D:4      | Reached skill level 9 in Maces & Flails
  4256 | D:4      | Reached XP level 7. HP: 57/57 MP: 6/6
  4419 | D:5      | Entered Level 5 of the Dungeon
  4695 | D:5      | Reached skill level 10 in Maces & Flails
  4788 | D:5      | You pick up a book of Spectacle and begin reading...
  4788 | D:5      | You add the spells Dazzling Flash, Iskenderun's Mystic
                  | Blast and Starburst to your library.
  4799 | D:5      | Found a glowing drain.
  4820 | Sewer    | Entered a sewer
  4956 | Sewer    | Reached * piety under Okawaru
  5209 | Sewer    | Reached skill level 11 in Maces & Flails
  5491 | D:5      | Reached XP level 8. HP: 44/64 MP: 7/7
  6179 | D:6      | Reached skill level 12 in Maces & Flails
  6401 | D:6      | Reached ** piety under Okawaru
  6697 | D:6      | Reached skill level 4 in Fighting
  6697 | D:6      | Reached skill level 4 in Armour
  6924 | D:6      | Reached skill level 5 in Fighting
  6924 | D:6      | Reached skill level 5 in Armour
  7180 | D:6      | Reached skill level 6 in Fighting
  7180 | D:6      | Reached skill level 6 in Armour
  7180 | D:6      | Reached XP level 9. HP: 64/75 MP: 8/8
  7394 | D:6      | Found a shimmering altar of Xom.
  7395 | D:6      | Found a stormy altar of Qazlal.
  7678 | D:6      | magus.rc [v1.11.3]
  7751 | D:7      | Noticed a cyclops
  7996 | D:7      | Reached *** piety under Okawaru
  7997 | D:7      | Reached skill level 13 in Maces & Flails
  8179 | D:7      | Noticed a cyclops
  8179 | D:7      | Noticed a white ugly thing
  8325 | D:6      | Gained mutation: You are weak. (Str -2) [potion of
                  | mutation]
  8336 | D:7      | Identified the amulet "Vasayrom" {rF+ rN+ Regen+}
  8339 | D:6      | HP: 18/78 [white ugly thing (9)]
  8340 | D:6      | HP: 1/78 [white ugly thing (9)]
  8342 | D:6      | Mangled by a white ugly thing

Vanquished Creatures
  A vampire mosquito (D:7)
  2 water moccasins
  A hornet zombie (D:6)
  2 black bears
  4 sky beasts
  A necrophage (D:6)
  An ogre (D:4)
  A centaur (D:6)
  2 bullfrogs (Sewer)
  3 scorpions
  A wyvern skeleton (D:6)
  5 wights (D:6)
  A bullfrog zombie (D:5)
  A jelly (D:5)
  4 orc priests
  2 bullfrog skeletons (D:6)
  2 hounds
  4 iguanas
  4 orc wizards
  A hound skeleton (D:4)
  12 adders
  A river rat (D:5)
  A white imp (D:7)
  2 ufetubi
  12 orcs
  14 ball pythons
  5 bats
  14 endoplasms
  10 giant cockroaches
  7 hobgoblins
  3 jackals (D:4)
  5 kobolds
  8 quokkas
  13 frilled lizards
  9 goblins
  3 rats
162 creatures vanquished.

Table legend:
 A = Non-vault XP
 B = Vault XP
 C = Vault XP percentage of total XP
 D = Non-vault monster count
 E = Vault monster count
 F = Vault count percentage of total count
                 A         B        C        D         E       F
            +---------+---------+-------+---------+---------+-------
      Total |    3142 |     550 |  14.9 |     111 |      51 |  31.5
            +---------+---------+-------+---------+---------+-------
        D:1 |      38 |       0 |   0.0 |      22 |       0 |   0.0
        D:2 |      16 |       0 |   0.0 |      11 |       0 |   0.0
        D:3 |      86 |       0 |   0.0 |       8 |       0 |   0.0
        D:4 |     601 |      16 |   2.6 |      29 |       2 |   6.5
        D:5 |     491 |      16 |   3.2 |      11 |       3 |  21.4
        D:6 |    1717 |       0 |   0.0 |      27 |       0 |   0.0
        D:7 |     193 |     191 |  49.7 |       3 |       1 |  25.0
      Sewer |       0 |     327 | 100.0 |       0 |      45 | 100.0
            +---------+---------+-------+---------+---------+-------

Illustrated notes

Table legend:
 A = Kills in this place as a percentage of kills in entire the game.
 B = Kills by you in this place as a percentage of kills by you in the entire game.
 C = Kills by friends in this place as a percentage of kills by friends in the entire game.
 D = Other kills in this place as a percentage of other kills in the entire game.
 E = Experience gained in this place as a percentage of experience gained in the entire game.
 F = Experience gained in this place divided by the number of levels of this place that you have seen.
                   A       B       C       D       E      F
               +-------+-------+-------+-------+-------+----------------------
         Total | 100.0 | 100.0 |   N/A |   N/A | 100.0 | 410.2
       Dungeon |  72.2 |  72.2 |   N/A |   N/A |  91.1 | 480.7
         Sewer |  27.8 |  27.8 |   N/A |   N/A |   8.9 | 327.0
               +-------+-------+-------+-------+-------+----------------------

Table legend: (Time is in decaauts)
 A = Elapsed time spent in this place.
 B = Non-inter-level travel time spent in this place.
 C = Inter-level travel time spent in this place.
 D = Time resting spent in this place.
 E = Time spent auto-exploring this place.
 F = Levels seen in this place.
 G = Mean time per level.
                   A        B        C        D        E       F      G
               +--------+--------+--------+--------+--------+-----+--------+
         Total |   8406 |   7629 |    777 |    606 |   5814 |   9 |  934.0 |
       Dungeon |   7502 |   6745 |    757 |    606 |   5143 |   7 | 1071.7 |
        Temple |    257 |    237 |     20 |      0 |    234 |   1 |  257.0 |
         Sewer |    646 |    646 |      0 |      0 |    437 |   1 |  646.0 |
               +--------+--------+--------+--------+--------+-----+--------+

Top non-repeatable levels by time:
     D:6: 1892 daAuts
     D:5: 1315 daAuts
     D:4: 1177 daAuts
     D:3: 1048 daAuts
     D:1: 1019 daAuts
     D:2: 943 daAuts
   Sewer: 646 daAuts
  Temple: 257 daAuts
     D:7: 106 daAuts
